 Dungeon Crawl Stone Soup version 0.19-a0-1091-g463c9de (webtiles) character file.

135 Jmtri7 the Chopper (level 5, -6/45 HPs)
             Began as a Hill Orc Fighter on Aug 7, 2016.
             Splashed by an oklob plant's acid (12 damage)
             ... on level 4 of the Dungeon.
             The game lasted 00:05:27 (2472 turns).

Jmtri7 the Chopper (Hill Orc Fighter)               Turns: 2472, Time: 00:05:29

Health: -6/45      AC:  8    Str: 20    XL:     5   Next: 18%
Magic:  5/5        EV:  5    Int:  8    God:
Gold:   159        SH: 14    Dex: 10    Spells: 0 memorised, 4 levels left

rFire  . . .     SeeInvis .     a - +0 war axe
rCold  . . .     Gourm    .     u - +0 chain mail
rNeg   . . .     Faith    .     c - +0 shield
rPois  .         Spirit   .     p - +1 helmet
rElec  .         Dismiss  .     t - +2 cloak
rCorr  .         Reflect  +     (no gloves)
SustAt +         Harm     .     (no boots)
MR     .....                    v - +5 amulet of reflection
Stlth  ..........               s - ring of sustain attributes
                                k - +2 ring of protection

@: corroded
A: no striking features
a: no special abilities


You were on level 4 of the Dungeon.
You were not hungry.

You visited 1 branch of the dungeon, and saw 4 of its levels.

You collected 159 gold pieces.

Inventory:

Hand Weapons
 a - a +0 war axe (weapon)
Armour
 c - a +0 shield (worn)
 p - a +1 helmet (worn)
 t - a +2 cloak (worn)
 u - a +0 chain mail (worn)
Jewellery
 k - a +2 ring of protection (left hand)
 s - a ring of sustain attributes (right hand)
 v - a +5 amulet of reflection (around neck)
Wands
 e - a wand of random effects (25/48)
Scrolls
 b - a scroll of fog
 i - a scroll of identify
 m - a scroll of remove curse
 o - a scroll of teleportation {unknown}
 q - 3 scrolls of amnesia {unknown}
 r - a scroll of immolation {unknown}
Potions
 d - 2 potions of might
 h - a potion of mutation {unknown}
 j - a potion of heal wounds {unknown}
 l - 2 potions of curing
 x - a potion of haste {unknown}
Books
 g - a book of Conjurations

   Spells                             Type                      Level
   a - Magic Dart                     Conjuration                  1
   b - Searing Ray                    Conjuration                  2
   c - Dazzling Spray                 Conjuration/Hexes            3
   d - Fulminant Prism                Conjuration/Hexes            4
   e - Iskenderun's Mystic Blast      Conjuration                  4
   f - Iskenderun's Battlesphere      Conjuration/Charms           5
Comestibles
 f - 8 bread rations
 n - a beef jerky
 w - a chunk of flesh


   Skills:
 - Level 3.6 Fighting
 + Level 6.9 Axes
 - Level 3.2 Armour
 - Level 3.2 Shields


You had 4 spell levels left.
You didn't know any spells.

Dungeon Overview and Level Annotations

Branches:
Dungeon (4/15)
 Temple: D:4-7

Altars:
Cheibriados
Fedhas
Nemelex Xobeh
Pakellas

Annotations:
D:4 exclusion: oklob plant


Message History

The oklob plant spits acid at you. The splash of acid hits you!
The acid burns!
* * * LOW HITPOINT WARNING * * *
You completely miss the oklob plant. You hit the plant but do no damage.
You hit the fungus but do no damage. x2
You slash the oklob plant!
The oklob plant is lightly damaged.
You hit the plant but do no damage. You hit the fungus but do no damage.
You hit the fungus. You hit the oklob plant.
The oklob plant is moderately damaged.
You hit the plant but do no damage. You hit the fungus. x2
You hit the oklob plant.
The oklob plant is moderately damaged.
You hit the fungus. You hit the fungus but do no damage. You hit the plant.
The oklob plant spits acid at you. The splash of acid hits you!
* * * LOW HITPOINT WARNING * * *
The acid corrodes you!
The acid burns!
You die...

###.##.##.....#PPPP.≈≈≈≈...≈≈≈≈.#
....##.##.##..#♣........._.≈≈≈≈..
#^####.##.#...#.P...≈≈≈≈...≈≈≈≈.#
#.####.##.#...#♣....≈≈≈≈≈≈≈≈≈≈≈.P
.......##.#...#P.♣P..≈≈≈≈≈≈≈≈≈..P
#.#######..#).#♣P.PP..≈≈≈≈≈≈≈..PP
#.#######.##.##PP.PPP..≈≈≈≈≈..PP#
..............#P.%PPPP.......PPPP
..###.###.##.##P@.#PP♣PPPPPPPPP#P
.## #.# ##.#.##PP%.PPP.#P♣♣PP#P P
.# #.# ##...#.P♣%PPPPPP .# #.#
##.##..PP♣PP♣PP .# #.#
#.############ ## .#
#.######.######....### #. .#
##.#..........###.....# #.
.###....########.# #.#.#.# #.
§##.....## #.###'###.# #.


You could see an oklob plant.

Vanquished Creatures
  A worker ant (D:4)
  4 adders
  2 oozes
  3 worms
  2 dart slugs
  3 giant geckos
  3 giant cockroaches
  5 goblins
  6 hobgoblins
  3 jackals (D:2)
  5 quokkas
  A ball python (D:2)
  2 bats (D:3)
  3 giant newts
  7 kobolds
  3 rats
  4 fungi (D:4)
  3 plants (D:4)
60 creatures vanquished.

Notes
Turn   | Place    | Note
-------+----------+-------------------------------------------
     0 | D:1      | Jmtri7 the Hill Orc Fighter began the quest for the Orb.
     0 | D:1      | Reached XP level 1. HP: 19/19 MP: 1/1
    46 | D:1      | Reached skill level 3 in Axes
    46 | D:1      | Reached XP level 2. HP: 20/26 MP: 2/2
   186 | D:1      | Reached skill level 4 in Axes
   394 | D:1      | Reached XP level 3. HP: 27/31 MP: 3/3
  1052 | D:2      | Reached skill level 5 in Axes
  1134 | D:2      | Reached XP level 4. HP: 35/39 MP: 4/4
  1304 | D:3      | Found a sparkling altar of Nemelex Xobeh.
  1305 | D:3      | Found a snail-covered altar of Cheibriados.
  1469 | D:3      | Reached skill level 6 in Axes
  2053 | D:4      | Reached XP level 5. HP: 29/45 MP: 5/5
  2317 | D:4      | Found an oddly glowing altar of Pakellas.
  2403 | D:4      | Found a blossoming altar of Fedhas.
  2423 | D:4      | Noticed an oklob plant
  2472 | D:4      | Splashed by an oklob plant's acid

Vault maps used:
D:1:      tarquinn_simple_flora_water_d
D:2:      first_bread
D:3:      gammafunk_temple_overflow_pools, hex_medium
D:4:      kennysheep_little_box, ashenzari_altar_1, tgw_fedhas,
          roderic_nine_men_s_morris, uniq_grinder

Skill      XL: |  1  2  3  4 |
---------------+-------------+-----
Axes           | 3 4 5 6 |  6.9
Fighting       | |  3.6
Armour         | |  3.2
Shields        | |  3.2

Action                   |  1- 3 |  4- 6 || total
-------------------------+-------+-------++-------
Melee: War axe           |   110 |   130 ||   240
  Use: Scroll            |       |     3 ||     3
  Eat: Chunk             |     1 |     4 ||     5
Armor: Scale mail        |    47 |    18 ||    65
       Chain mail        |       |    42 ||    42
Dodge: Dodged            |    35 |    15 ||    50
Block: Shield            |    65 |    44 ||   109
       Reflection        |       |     1 ||     1
